[Event "CAT-ch Open-Women 2019"]
[Site "Platja de la Pineda"]
[Date "2019.04.21"]
[Round "7.12"]
[White "Biosca Caballe, Nestor"]
[Black "Garcia Espelta, Josep"]
[Result "0-1"]
[ECO "B41"]
[WhiteElo "1864"]
[BlackElo "2037"]
[Annotator "NA"]
[PlyCount "80"]
[EventDate "2019.04.18"]
[EventType "swiss"]
[EventCountry "ESP"]
[SourceTitle "playchess.com"]
[Source "ChessBase"]
[SourceQuality "1"]
[TimeControl "5400+30"]

1. e4 c5 2. Nf3 e6 3. d4 cxd4 4. Nxd4 a6 5. g3 d5 6. e5 Nc6 7. f4 Nxd4 8. Qxd4 Qc7 9. Nc3 Bc5 10. Qa4+ Bd7 11. Bb5 Rc8 12. Bxd7+ Qxd7 13. Qxd7+ Kxd7 14. Bd2 Ne7 15. O-O-O h5 16. Rhe1 Nf5 17. Kb1 Rc6 18. Bc1 Bb4 19. Bd2 Kc8 20. Ne4 Be7 21. Ng5 Bxg5 22. fxg5 Rc4 23. Bf4 Kd7 24. h4 Rhc8 25. c3 g6 26. Re2 b5 27. Rd3 a5 28. a3 b4 29. axb4 axb4 30. cxb4 Rxb4 31. b3 Rcb8 32. Rb2 Re4 33. Ra2 Rb7 34. Ra6 Reb4 35. Ka2 Re4 36. Ra8 Re2+ 37. Ka3 d4 38. Rf8 Kc6 39. b4 Kd5 40. Rb3 Ra7# {Rd3 Rb7 Rd2 Rxd2 Bxd2 Kc4 Rc8+ Kd5 Rf8 Kxe5 Rb8 Rxb8 Bf4+ Kd5 Bxb8 d3 Bf4 Kc4 b5 Nd4 b6 Nc6 Kb2 e5 Be3 Na5 Kc1 Kd5 Bd2 Nb7 Bc3 Ke4 Kd2 Nc5 Kd1 Kd5 Kd2 e4 Bb4 Na6 Ba5 Kd4 Bc3+ Kd5 Ba5 Ke5 Ke3 Kf5 Bc3 Nc5 Bd4 Nb7 Kd2 Kg4 Be5 Kf3 Bf4 Na5 Kc3 Ke2 Kb4 Nb7 Kc3 e3} 0-1

[Event "CAT-ch Open-Women 2019"]
[Site "Platja de la Pineda"]
[Date "2019.04.22"]
[Round "8.2"]
[White "Ros Alonso, Jaume"]
[Black "Fernandez Fuentes, Fco. Javier"]
[Result "1/2-1/2"]
[ECO "B90"]
[WhiteElo "2182"]
[BlackElo "2090"]
[Annotator "NA"]
[PlyCount "70"]
[EventDate "2019.04.18"]
[EventType "swiss"]
[EventCountry "ESP"]
[SourceTitle "playchess.com"]
[Source "ChessBase"]
[SourceQuality "1"]
[TimeControl "5400+30"]

1. e4 c5 2. Nf3 d6 3. d4 cxd4 4. Nxd4 Nf6 5. Nc3 a6 6. Be3 Ng4 7. Bc1 Nf6 8. Be3 Ng4 9. Bg5 h6 10. Bh4 g5 11. Bg3 Bg7 12. h3 Ne5 13. Be2 Nbc6 14. Nf5 Bxf5 15. exf5 O-O 16. Nd5 e6 17. fxe6 fxe6 18. Ne3 d5 19. O-O Ng6 20. c3 Nce5 21. Ng4 Nc6 22. Re1 Qd7 23. Qc2 Qf7 24. Rad1 h5 25. Bd3 Nf4 26. Bxf4 Qxf4 27. g3 Qc7 28. Nh2 Ne5 29. Qe2 Qf7 30. Bb1 Rae8 31. Kg2 g4 32. hxg4 hxg4 33. Rh1 Qf3+ 34. Qxf3 gxf3+ 35. Kg1 Rf6 1/2-1/2

[Event "CAT-ch Open-Women 2019"]
[Site "Platja de la Pineda"]
[Date "2019.04.22"]
[Round "8.3"]
[White "Gonzalez Vericat, Sergio"]
[Black "Montilla Carrillo, Esteban"]
[Result "0-1"]
[ECO "A01"]
[WhiteElo "2122"]
[BlackElo "2178"]
[Annotator "NA"]
[PlyCount "100"]
[EventDate "2019.04.18"]
[EventType "swiss"]
[EventCountry "ESP"]
[SourceTitle "playchess.com"]
[Source "ChessBase"]
[SourceQuality "1"]
[TimeControl "5400+30"]

1. b3 e5 2. Bb2 Nc6 3. e3 Nf6 4. Bb5 Bd6 5. Na3 Na5 6. Be2 a6 7. c4 O-O 8. Nf3 Qe7 9. Nb1 e4 10. Nh4 g6 11. f4 exf3 12. Nxf3 Ng4 13. O-O b6 14. Nc3 Bb7 15. h3 Nh6 16. Bd3 f5 17. a3 c5 18. Na4 Bc7 19. Qc2 Bxf3 20. Rxf3 Nf7 21. Nc3 Be5 22. Nd5 Qd6 23. Rf4 Rab8 24. e4 Bxb2 25. Qxb2 Qe5 26. Qxe5 Nxe5 27. Bc2 Nac6 28. exf5 Nd4 29. Bd1 gxf5 30. Rb1 d6 31. b4 Nxc4 32. bxc5 bxc5 33. Rxb8 Rxb8 34. Ne7+ Kh8 35. Kh2 Rb2 36. Nxf5 Nxf5 37. Rxf5 Rxd2 38. Bb3 Ne3 39. Rf3 Rxg2+ 40. Kh1 Re2 41. Rf8+ Kg7 42. Rf7+ Kg6 43. Ra7 c4 44. Ba4 Rd2 45. Re7 Rd3 46. Bc6 d5 47. Be8+ Kf6 48. Rxh7 Rxa3 49. h4 c3 50. Rc7 c2 0-1

[Event "CAT-ch Open-Women 2019"]
[Site "Platja de la Pineda"]
[Date "2019.04.22"]
[Round "8.4"]
[White "Garcia De Blas, Esteban"]
[Black "Saurina Suner, Francesc Xavier"]
[Result "1-0"]
[ECO "D36"]
[WhiteElo "1989"]
[BlackElo "2012"]
[Annotator "NA"]
[PlyCount "149"]
[EventDate "2019.04.18"]
[EventType "swiss"]
[EventCountry "ESP"]
[SourceTitle "playchess.com"]
[Source "ChessBase"]
[SourceQuality "1"]
[TimeControl "5400+30"]

1. d4 d5 2. Nf3 Nf6 3. c4 e6 4. Nc3 c6 5. cxd5 exd5 6. Qc2 Bd6 7. Bg5 O-O 8. e3 h6 9. Bh4 Re8 10. Bd3 Nbd7 11. O-O Nf8 12. Bf5 Bxf5 13. Qxf5 Qd7 14. Qxd7 N8xd7 15. Bxf6 Nxf6 16. a3 a5 17. Rfc1 a4 18. h3 Nd7 19. Kf1 Nb6 20. Nd2 f5 21. Ke2 Nd7 22. Kd3 Nf6 23. f3 Re6 24. Re1 Bc7 25. Re2 Rd6 26. b4 axb3 27. Nxb3 Nd7 28. Rb2 b6 29. Kd2 Re6 30. Rc2 Bd6 31. Rca2 Rae8 32. Re1 Bf4 33. Nd1 c5 34. Rc2 c4 35. Nc1 Bd6 36. Nc3 Nf6 37. Nb5 Bf4 38. Rc3 Bb8 39. Rd1 Rc6 40. Ne2 g5 41. Rg1 f4 42. exf4 Rce6 43. Nc1 Bxf4+ 44. Kc2 Bg3 45. Kb2 Ra8 46. Rc2 Ra5 47. Nc3 b5 48. N1a2 Be1 49. Re2 Rxe2+ 50. Nxe2 Bf2 51. Rd1 Kf7 52. Nac3 Ke6 53. f4 g4 54. hxg4 Nxg4 55. Rf1 Bh4 56. f5+ Kd6 57. Rh1 Bf6 58. Rh3 Kc6 59. Rg3 h5 60. Rh3 h4 61. g3 Ne3 62. gxh4 Ng4 63. Rg3 Bxh4 64. Rxg4 Be7 65. Rg6+ Kd7 66. Nb1 Ra8 67. Nec3 Rf8 68. Nxd5 Rxf5 69. Nxe7 Kxe7 70. Rb6 Kd7 71. Nc3 Rf2+ 72. Kc1 Rf3 73. Nxb5 Rd3 74. Kc2 Rh3 75. a4 1-0

[Event "CAT-ch Open-Women 2019"]
[Site "Platja de la Pineda"]
[Date "2019.04.22"]
[Round "8.5"]
[White "Herrera Reyes, Jose Antonio"]
[Black "Gomez Anadon, Daniel"]
[Result "1/2-1/2"]
[ECO "A07"]
[WhiteElo "2355"]
[BlackElo "2271"]
[Annotator "NA"]
[PlyCount "98"]
[EventDate "2019.04.18"]
[EventType "swiss"]
[EventCountry "ESP"]
[SourceTitle "playchess.com"]
[Source "ChessBase"]
[SourceQuality "1"]
[TimeControl "5400+30"]

1. Nf3 d5 2. g3 Nf6 3. Bg2 Bf5 4. d3 h6 5. O-O e6 6. c3 c6 7. Qb3 Qb6 8. Be3 Qa6 9. a4 Bd6 10. Qa2 c5 11. b4 cxb4 12. cxb4 Nbd7 13. Nd4 Bg6 14. b5 Qa5 15. b6 O-O 16. bxa7 Be5 17. h3 Rxa7 18. Nd2 Rfa8 19. N2b3 Qd8 20. a5 Ra6 21. Qd2 Bc7 22. Qb4 Bxa5 23. Nxa5 Rxa5 24. Rxa5 Rxa5 25. Qxb7 Qa8 26. Rb1 Qxb7 27. Rxb7 Ra1+ 28. Kh2 e5 29. Nb3 Rb1 30. Nc5 Rxb7 31. Nxb7 Bf5 32. f4 Be6 33. Nd6 exf4 34. gxf4 Bg4 35. Bf1 g6 36. Kg3 Be6 37. f5 Bxf5 38. Nxf5 gxf5 39. Bxh6 Kh7 40. Be3 Kg6 41. Bd4 Nf8 42. Bg2 Nh5+ 43. Kh4 Kh6 44. Be3+ f4 45. Bxd5 fxe3 46. Bxf7 Nf4 47. Kg3 Nxe2+ 48. Kf3 Nf4 49. Kxe3 Nxh3 1/2-1/2

[Event "CAT-ch Open-Women 2019"]
[Site "Platja de la Pineda"]
[Date "2019.04.22"]
[Round "8.6"]
[White "Boixader Arbo, Xavier"]
[Black "Ros Alonso, Joana"]
[Result "1-0"]
[ECO "C01"]
[WhiteElo "2154"]
[BlackElo "1954"]
[Annotator "NA"]
[PlyCount "101"]
[EventDate "2019.04.18"]
[EventType "swiss"]
[EventCountry "ESP"]
[SourceTitle "playchess.com"]
[Source "ChessBase"]
[SourceQuality "1"]
[TimeControl "5400+30"]

1. e4 e6 2. d4 d5 3. Bd3 dxe4 4. Bxe4 Nf6 5. Bf3 c5 6. Ne2 Nc6 7. Be3 cxd4 8. Nxd4 Ne5 9. O-O Nxf3+ 10. Qxf3 Be7 11. Nc3 O-O 12. Rad1 Qa5 13. Ndb5 a6 14. Nd6 Qb4 15. Rd4 Qxb2 16. Na4 Qxa2 17. Nb6 Bxd6 18. Rxd6 Rb8 19. Bd4 Qxc2 20. Bxf6 gxf6 21. Qxf6 Qg6 22. Qe7 Qg7 23. Rd3 Kh8 24. Rg3 Qh6 25. Qd6 Bd7 26. Nxd7 Rbd8 27. Qe5+ f6 28. Qxe6 Rfe8 29. Qf7 f5 30. Qxf5 Re7 31. Qf6+ Qxf6 32. Nxf6 Re6 33. Ng4 b5 34. h3 a5 35. Ra1 a4 36. Re3 Rxe3 37. Nxe3 Rd3 38. Rb1 a3 39. Rxb5 a2 40. Ra5 Rd2 41. Kh2 Rxf2 42. Nd5 Rf5 43. Ra8+ Kg7 44. Nc3 Rf2 45. Rxa2 Rxa2 46. Nxa2 Kh8 47. Kg3 Kg8 48. Kf4 Kh8 49. Kf5 Kg7 50. Nc3 Kh8 51. Ne4 1-0

[Event "CAT-ch Open-Women 2019"]
[Site "Platja de la Pineda"]
[Date "2019.04.22"]
[Round "8.7"]
[White "Fernandez Aguilar, Francisco"]
[Black "Hernando Rodrigo, Imma"]
[Result "1-0"]
[ECO "D78"]
[WhiteElo "2132"]
[BlackElo "1859"]
[Annotator "NA"]
[PlyCount "117"]
[EventDate "2019.04.18"]
[EventType "swiss"]
[EventCountry "ESP"]
[SourceTitle "playchess.com"]
[Source "ChessBase"]
[SourceQuality "1"]
[TimeControl "5400+30"]

1. Nf3 d5 2. g3 Nf6 3. Bg2 g6 4. O-O Bg7 5. d4 O-O 6. c4 c6 7. Qb3 dxc4 8. Qxc4 Qd5 9. Qa4 Qd8 10. Nc3 Nbd7 11. Rd1 Nb6 12. Qc2 e6 13. e4 h6 14. h3 Qe7 15. b3 Rd8 16. Be3 Nbd7 17. Rd2 b6 18. e5 Nd5 19. Nxd5 cxd5 20. Qc6 Ba6 21. Qa4 Bb7 22. Rc2 Nb8 23. Rac1 Bc6 24. Rxc6 Nxc6 25. Qxc6 Qd7 26. Qxd7 Rxd7 27. Bf1 a6 28. Bd3 b5 29. Kf1 Raa7 30. Rc8+ Kh7 31. h4 Rdc7 32. Rxc7 Rxc7 33. h5 Bf8 34. Nh4 Rc3 35. Ke2 Kg7 36. hxg6 fxg6 37. Bxg6 Ba3 38. Bd2 Rc6 39. Bd3 Bc1 40. f4 Bxd2 41. Kxd2 Kf7 42. g4 Rc8 43. Ng2 Rg8 44. Ne3 Rh8 45. Be2 Kg6 46. Bf3 Rf8 47. f5+ Kg7 48. Bh1 h5 49. fxe6 hxg4 50. Nxg4 Rd8 51. Nf6 Kf8 52. Bxd5 Ke7 53. b4 Rh8 54. Bb3 Kd8 55. d5 Rh2+ 56. Kd3 Rh3+ 57. Kd4 Rh4+ 58. Kc5 Rh1 59. Kd6 1-0

[Event "CAT-ch Open-Women 2019"]
[Site "Platja de la Pineda"]
[Date "2019.04.22"]
[Round "8.8"]
[White "Del Amo Carbo, Jordi"]
[Black "Ayats Llobera, Gerard"]
[Result "0-1"]
[ECO "A26"]
[WhiteElo "2175"]
[BlackElo "2363"]
[Annotator "NA RC"]
[PlyCount "70"]
[EventDate "2019.04.18"]
[EventType "swiss"]
[EventCountry "ESP"]
[SourceTitle "playchess.com"]
[Source "ChessBase"]
[SourceQuality "1"]
[TimeControl "5400+30"]

1. Nf3 Nf6 2. g3 g6 3. Bg2 Bg7 4. O-O O-O 5. c4 d6 6. Nc3 e5 7. d3 Nc6 8. Rb1 a5 9. a3 h6 10. b4 Be6 11. Bd2 Qd7 12. Ne1 axb4 13. axb4 d5 14. cxd5 Nxd5 15. Nc2 Nd4 16. Ne3 Nxc3 17. Bxc3 Ra2 18. Rb2 Nb5 19. Bxe5 Bxe5 20. Rxa2 Bxa2 21. Qc2 Be6 22. Bxb7 Nd4 23. Qd2 c5 24. Bf3 cxb4 25. Qxb4 Nxf3+ 26. exf3 Qxd3 27. Rd1 Qb3 28. Qc5 Bg7 29. Kg2 Kh7 30. h4 h5 31. g4 hxg4 32. h5 Qb7 33. hxg6+ fxg6 34. Rh1+ Kg8 35. Nxg4 Qxf3+ 0-1

[Event "CAT-ch Open-Women 2019"]
[Site "Platja de la Pineda"]
[Date "2019.04.22"]
[Round "8.8"]
[White "Martin Barcelo, Carles"]
[Black "Martin Perez, Laura"]
[Result "1/2-1/2"]
[ECO "C50"]
[WhiteElo "2030"]
[BlackElo "2105"]
[Annotator "NA"]
[PlyCount "82"]
[EventDate "2019.04.18"]
[EventType "swiss"]
[EventCountry "ESP"]
[SourceTitle "playchess.com"]
[Source "ChessBase"]
[SourceQuality "1"]
[TimeControl "5400+30"]

1. e4 e5 2. Nf3 Nc6 3. d4 exd4 4. Bc4 Be7 5. c3 d6 6. cxd4 Nf6 7. Nc3 O-O 8. O-O Bg4 9. Be2 Re8 10. h3 Bh5 11. d5 Bxf3 12. Bxf3 Ne5 13. Be2 Bf8 14. Be3 c6 15. dxc6 Nxc6 16. Bg5 h6 17. Bxf6 Qxf6 18. Nd5 Qd8 19. Qd3 Rc8 20. Rac1 Ne7 21. Bg4 Rxc1 22. Rxc1 Nxd5 23. Qxd5 Qg5 24. Rc7 Qxd5 25. exd5 Re7 26. Bd7 Re1+ 27. Kh2 b6 28. Rxa7 Re2 29. b3 Rxf2 30. Kg3 Re2 31. Kf3 Re7 32. a4 g6 33. b4 Bg7 34. a5 bxa5 35. bxa5 Bd4 36. Rb7 Re3+ 37. Kf4 g5+ 38. Kg4 Re4+ 39. Kf3 Re3+ 40. Kg4 Re4+ 41. Kf3 Re3+ {Ke4} 1/2-1/2

[Event "CAT-ch Open-Women 2019"]
[Site "Platja de la Pineda"]
[Date "2019.04.22"]
[Round "8.9"]
[White "Fernandez Diaz, Cristian"]
[Black "Barbero Sendic, Alejandro"]
[Result "0-1"]
[ECO "D02"]
[WhiteElo "2237"]
[BlackElo "2361"]
[Annotator "NA RC"]
[PlyCount "67"]
[EventDate "2019.04.18"]
[EventType "swiss"]
[EventCountry "ESP"]
[SourceTitle "playchess.com"]
[Source "ChessBase"]
[SourceQuality "1"]
[TimeControl "5400+30"]

1. Nf3 Nf6 2. d4 e6 3. Bf4 d5 4. e3 Be7 5. Bd3 Nh5 6. Be5 Nf6 7. h3 c5 8. c3 Nc6 9. Bg3 Ne4 10. Bxe4 dxe4 11. Ne5 Nxe5 12. Bxe5 O-O 13. O-O b6 14. Qe2 f6 15. Bh2 a5 16. Rd1 Ba6 17. c4 Qc8 18. Nc3 cxd4 19. Rxd4 f5 20. Nb5 Bc5 21. Rd2 Bb4 22. Rc2 Qb7 23. Nc7 Rac8 24. Nxe6 Rf6 25. Nd4 Qf7 26. a3 Bd6 27. Bxd6 Rxd6 28. Rac1 f4 29. Nb5 Rd3 30. exf4 Qxf4 31. a4 Bb7 32. Qg4 Qe5 33. Re1 Rf8 34. Qe2 0-1

[Event "CAT-ch Open-Women 2019"]
[Site "Platja de la Pineda"]
[Date "2019.04.22"]
[Round "8.9"]
[White "Gurrutxaga Telleria, Jose Luis"]
[Black "Barberans Sola, Sebastia"]
[Result "1-0"]
[ECO "D07"]
[WhiteElo "2099"]
[BlackElo "1935"]
[Annotator "NA"]
[PlyCount "73"]
[EventDate "2019.04.18"]
[EventType "swiss"]
[EventCountry "ESP"]
[SourceTitle "playchess.com"]
[Source "ChessBase"]
[SourceQuality "1"]
[TimeControl "5400+30"]

1. d4 d5 2. Nf3 Nc6 3. c4 Bg4 4. cxd5 Bxf3 5. dxc6 Bxc6 6. Nc3 e6 7. e4 Bb4 8. f3 Qh4+ 9. g3 Qf6 10. Be3 Rd8 11. Rc1 Bc5 12. e5 Qxf3 13. Qxf3 Bxf3 14. Bb5+ c6 15. Rf1 Bb4 16. Rxf3 cxb5 17. a3 Bxc3+ 18. Rxc3 Ne7 19. Rc7 Rd7 20. Rxd7 Kxd7 21. Rxf7 Ke8 22. Rxg7 Kf8 23. Bh6 Nf5 24. Rxh7+ Kg8 25. Rxh8+ Kxh8 26. Bf8 Nxd4 27. Kf2 a6 28. g4 Kh7 29. h4 Nc6 30. Bd6 a5 31. Ke3 a4 32. Kf4 Nd4 33. h5 Ne2+ 34. Kg5 Kg7 35. h6+ Kf7 36. Be7 Nd4 37. Bf6 1-0

[Event "CAT-ch Open-Women 2019"]
[Site "Platja de la Pineda"]
[Date "2019.04.22"]
[Round "8.10"]
[White "Millaret Lores, Francesc"]
[Black "Jimenez Ruano, Adrian"]
[Result "0-1"]
[ECO "B31"]
[WhiteElo "2028"]
[BlackElo "2287"]
[Annotator "NA"]
[PlyCount "58"]
[EventDate "2019.04.18"]
[EventType "swiss"]
[EventCountry "ESP"]
[SourceTitle "playchess.com"]
[Source "ChessBase"]
[SourceQuality "1"]
[TimeControl "5400+30"]

1. e4 c5 2. Nf3 Nc6 3. Bb5 g6 4. O-O Bg7 5. Re1 e5 6. Bxc6 dxc6 7. d3 Qe7 8. Nbd2 h6 9. a4 Nf6 10. a5 Bg4 11. h3 Bxf3 12. Qxf3 Nd7 13. Nc4 O-O 14. Qg3 b5 15. axb6 axb6 16. Bd2 Qe6 17. Rxa8 Rxa8 18. f4 exf4 19. Qxf4 b5 20. Na5 Bxb2 21. Qc7 Ne5 22. Rf1 g5 23. c3 b4 24. Rf5 bxc3 25. Rxe5 cxd2 26. Rxe6 d1=Q+ 27. Kh2 fxe6 28. Nxc6 Bg7 29. Nd8 Qa1 0-1

[Event "CAT-ch Open-Women 2019"]
[Site "Platja de la Pineda"]
[Date "2019.04.22"]
[Round "8.10"]
[White "Guix Torres, David"]
[Black "Torras Coloma, Pau"]
[Result "1/2-1/2"]
[ECO "B21"]
[WhiteElo "1972"]
[BlackElo "1807"]
[Annotator "NA"]
[PlyCount "93"]
[EventDate "2019.04.18"]
[EventType "swiss"]
[EventCountry "ESP"]
[SourceTitle "playchess.com"]
[Source "ChessBase"]
[SourceQuality "1"]
[TimeControl "5400+30"]

1. e4 c5 2. Nf3 Nc6 3. d4 cxd4 4. c3 dxc3 5. Nxc3 e6 6. Bc4 Qc7 7. O-O Nf6 8. e5 Ng4 9. Nb5 Qb8 10. Nd6+ Bxd6 11. exd6 Nge5 12. Nxe5 Nxe5 13. Bb3 O-O 14. f4 Ng6 15. f5 exf5 16. Rxf5 b5 17. Bxf7+ Rxf7 18. Rxf7 Qb6+ 19. Rf2 Bb7 20. Qb3+ Kh8 21. Qg3 Re8 22. Bg5 Qc5 23. Rc1 Qd4 24. Be7 Ne5 25. Qf4 Nf3+ 26. Qxf3 Bxf3 27. gxf3 Kg8 28. Rc7 Rxe7 29. dxe7 Kf7 30. e8=Q+ Kxe8 31. Rcc2 Kf7 32. Rcd2 Qc5 33. Rxd7+ Kf6 34. Rdd2 Qc1+ 35. Kg2 Qc5 36. Rc2 Qg5+ 37. Kf1 Qe3 38. Rfe2 Qd3 39. Rc3 Qd1+ 40. Re1 Qd2 41. Re2 Qd1+ 42. Kf2 Qh1 43. Rc6+ Kf5 44. Rc5+ Kf6 45. Rc6+ Kf5 46. Rc5+ Kf6 47. Rc6+ {Ke5} 1/2-1/2

[Event "CAT-ch Open-Women 2019"]
[Site "Platja de la Pineda"]
[Date "2019.04.22"]
[Round "8.11"]
[White "Garcia Ramos, Daniel"]
[Black "Pena Morales, Hugo"]
[Result "1/2-1/2"]
[ECO "B78"]
[WhiteElo "2286"]
[BlackElo "2276"]
[Annotator "NA"]
[PlyCount "123"]
[EventDate "2019.04.18"]
[EventType "swiss"]
[EventCountry "ESP"]
[SourceTitle "playchess.com"]
[Source "ChessBase"]
[SourceQuality "1"]
[TimeControl "5400+30"]

1. e4 c5 2. Nf3 d6 3. d4 cxd4 4. Nxd4 Nf6 5. f3 Nc6 6. Nc3 g6 7. Be3 Bg7 8. Qd2 O-O 9. Bc4 Bd7 10. Bb3 Rc8 11. O-O-O Ne5 12. h4 h5 13. g4 hxg4 14. h5 Nxh5 15. Bh6 e6 16. Rdg1 Qf6 17. Bxg7 Qxg7 18. fxg4 Nf6 19. g5 Nh5 20. Nce2 Nc4 21. Qb4 a5 22. Qxb7 Ne5 23. a4 Nd3+ 24. Kb1 Nc5 25. Qb6 Qe5 26. Qxa5 Qxe4 27. Qd2 e5 28. Rxh5 Nxb3 29. Nxb3 gxh5 30. Nc3 Qf4 31. Qxf4 exf4 32. Nd5 Bg4 33. Nd2 Rc5 34. Nxf4 Bf5 35. Nd3 Rd5 36. Rh1 Bxd3 37. cxd3 Rxd3 38. Ne4 Rd4 39. Nf6+ Kg7 40. Rxh5 Rxa4 41. Rh6 Rfa8 42. Nh5+ Kf8 43. Rxd6 Ra1+ 44. Kc2 Rc8+ 45. Kd2 Rb8 46. g6 Rh1 47. g7+ Kg8 48. Rh6 Rxb2+ 49. Kc3 Rxh5 50. Rxh5 Re2 51. Kd3 Re6 52. Rg5 Re8 53. Kd4 Re7 54. Rg4 Re2 55. Rg5 Re6 56. Rg4 Re8 57. Rg5 f6 58. Rg6 Kf7 59. g8=Q+ Rxg8 60. Rxg8 Kxg8 61. Ke4 f5+ 62. Kxf5 1/2-1/2

[Event "CAT-ch Open-Women 2019"]
[Site "Platja de la Pineda"]
[Date "2019.04.22"]
[Round "8.11"]
[White "Rodon Balcells, Jaume"]
[Black "Guerra Reig, Juan"]
[Result "1-0"]
[ECO "B11"]
[WhiteElo "1862"]
[BlackElo "1996"]
[Annotator "NA"]
[PlyCount "69"]
[EventDate "2019.04.18"]
[EventType "swiss"]
[EventCountry "ESP"]
[SourceTitle "playchess.com"]
[Source "ChessBase"]
[SourceQuality "1"]
[TimeControl "5400+30"]

1. e4 c6 2. Nf3 d5 3. Nc3 dxe4 4. Nxe4 Bg4 5. Bc4 e6 6. h3 Bh5 7. g4 Bg6 8. Qe2 Bxe4 9. Qxe4 Nf6 10. Qe2 Nbd7 11. Ng5 Nd5 12. d4 Bb4+ 13. c3 Bd6 14. Bd2 N7b6 15. Bb3 Nf4 16. Nxf7 Nxe2 17. Nxd8 Nxd4 18. Nxb7 Nf3+ 19. Ke2 Nxd2 20. Kxd2 Bf4+ 21. Kc2 Nd5 22. Rhe1 Kf7 23. Re4 g5 24. Rae1 e5 25. Rc4 Kg7 26. Rxc6 Nf6 27. Nd6 Rad8 28. Rc7+ Rd7 29. Nf5+ Kg6 30. Rxd7 Nxd7 31. Rd1 Nf6 32. Rd6 h5 33. Be6 hxg4 34. hxg4 Nxg4 35. Ne7+ 1-0

[Event "CAT-ch Open-Women 2019"]
[Site "Platja de la Pineda"]
[Date "2019.04.22"]
[Round "8.12"]
[White "Siso Ribes, Genis Alfred"]
[Black "Ribera Veganzones, Josep Maria"]
[Result "0-1"]
[ECO "B23"]
[WhiteElo "1654"]
[BlackElo "1980"]
[Annotator "NA"]
[PlyCount "78"]
[EventDate "2019.04.18"]
[EventType "swiss"]
[EventCountry "ESP"]
[SourceTitle "playchess.com"]
[Source "ChessBase"]
[SourceQuality "1"]
[TimeControl "5400+30"]

1. e4 c5 2. Nc3 Nc6 3. f4 g6 4. Nf3 Bg7 5. Bc4 e6 6. f5 Nge7 7. fxe6 dxe6 8. O-O O-O 9. a4 Na5 10. Ba2 Nec6 11. d3 Nd4 12. Bf4 Nac6 13. Bc4 e5 14. Bg3 Kh8 15. Nxd4 cxd4 16. Nd5 Qd6 17. Qd2 Ne7 18. Nxe7 Qxe7 19. Rae1 Be6 20. Bxe6 Qxe6 21. Re2 a5 22. Ref2 b6 23. Bh4 f6 24. Rf3 Rac8 25. b4 g5 26. Be1 axb4 27. Qxb4 Rxc2 28. Qxf8+ Bxf8 29. Rxf6 Qa2 30. Rxf8+ Kg7 31. Bg3 Rxg2+ 32. Kh1 Rxg3 33. hxg3 Qxa4 34. R8f7+ Kg6 35. R7f6+ Kh5 36. Kg2 Kg4 37. R1f2 Qa3 38. R6f5 Qxd3 39. Rxe5 Qxg3+ 0-1